 Dungeon Crawl Stone Soup version 0.23-a0-398-g8eab93f (webtiles) character file.

44 RonnieColeman the Conjurer (level 3, 0/19 HPs)
             Began as a Deep Elf Conjurer on Nov 3, 2018.
             Slain by a worm (7 damage)
             ... on level 2 of the Dungeon.
             The game lasted 00:06:37 (1324 turns).

RonnieColeman the Conjurer (Deep Elf Conjurer)      Turns: 1324, Time: 00:06:37

Health: 0/19       AC:  2    Str:  5    XL:     3   Next: 41%
Magic:  1/10       EV: 13    Int: 20    God:
Gold:   60         SH:  0    Dex: 15    Spells: 8/9 levels left

rFire    . . .     SeeInvis .   i - +0 dagger
rCold    . . .     Gourm    .   (no shield)
rNeg     . . .     Faith    .   a - +0 robe
rPois    .         Spirit   .   (no helmet)
rElec    .         Reflect  .   (no cloak)
rCorr    .         Harm     .   (no gloves)
MR       .....                  (no boots)
Stlth    ++........             (no amulet)
HPRegen  0.06/turn              g - ring of wizardry
MPRegen  0.12/turn              (no ring)

@: no status effects
A: no striking features
a: no special abilities


You were on level 2 of the Dungeon.
You were not hungry.

You visited 1 branch of the dungeon, and saw 2 of its levels.

You collected 60 gold pieces.

Inventory:

Hand Weapons
 i - a +0 dagger (weapon)
Armour
 a - a +0 robe (worn)
Jewellery
 g - a ring of wizardry (left hand)
Scrolls
 d - a scroll of noise {unknown}
 e - a scroll of enchant weapon {unknown}
 f - a scroll of blinking {unknown}
 k - a scroll of identify {unknown}
 m - a scroll of teleportation {unknown}
 o - a scroll of amnesia {unknown}
Potions
 b - a potion of lignification {unknown}
 h - 3 potions of might {unknown}
 j - 2 potions of curing {unknown}
 l - a potion of cancellation {unknown}
 p - a potion of ambrosia {unknown}
Comestibles
 c - 4 rations
 n - 2 chunks of flesh


   Skills:
 - Level 2.4 Dodging
 - Level 2.4 Stealth
 + Level 3.9 Spellcasting
 * Level 5.3 Conjurations


You had 8 spell levels left.
You knew the following spells:

 Your Spells              Type           Power        Failure   Level  Hunger
a - Magic Dart            Conj           ####         1%          1    None

Your spell library contained the following spells:

 Spells                   Type           Power        Failure   Level  Hunger
 Searing Ray              Conj           ####..       1%          2    ##.....
 Dazzling Spray           Conj/Hex       ##....       5%          3    ###....
 Iskenderun's Mystic Bla  Conj           ####....     6%          4    ####...
 Force Lance              Conj/Tloc      ##......     17%         4    ####...
 Fulminant Prism          Conj/Hex       ##........   17%         4    ####...


Dungeon Overview and Level Annotations

Branches:
Dungeon (2/15)

Altars:
Cheibriados
Okawaru


Message History

A goblin comes into view.
Casting: Magic Dart (safe; 1% risk of failure)
Confirm with . or Enter, or press ? or * to list all spells.
Aiming: Magic Dart (safe; 1% risk of failure)
Press: ? - help, Shift-Dir - straight line, f/p - worm
Aim: a worm (moderately wounded)
The magic dart hits the worm.
The worm is heavily wounded.
Casting: Magic Dart (safe; 1% risk of failure)
Confirm with . or Enter, or press ? or * to list all spells.
You don't have enough magic to cast that spell.
Unknown command.
Casting: Magic Dart (safe; 1% risk of failure)
Confirm with . or Enter, or press ? or * to list all spells.
You don't have enough magic to cast that spell.
Unknown command.
You hit the worm but do no damage.
The worm is lightly wounded.
The worm bites you!
You die...

#..........###############
#..♣.♣.♣.♣.### #######
###....._......# .......
.....♣.♣.♣.♣.#.# #######
#......(....#.### #
....#.♣.♣.#..(..# #
#...........#.#
##.....w.#..#.# ##
###.###@#..#.# .#
#.....####w# .# #######
#.####### .#
#####...w...##.#.
..................
..#........#.##.#.
#........#.# ...
#........... ##.
#........._.# .


You could see a worm.

Vanquished Creatures
  2 worms (D:2)
  2 dart slugs (D:1)
  2 leopard geckos (D:1)
  2 giant cockroaches
  6 goblins
  4 hobgoblins
  2 jackals (D:1)
  2 bats (D:1)
  A frilled lizard (D:2)
  3 kobolds (D:1)
  3 rats (D:1)
29 creatures vanquished.

Notes
Turn   | Place    | Note
-------+----------+-------------------------------------------
     0 | D:1      | RonnieColeman the Deep Elf Conjurer began the quest for the
                  | Orb.
     0 | D:1      | Reached XP level 1. HP: 10/10 MP: 6/6
   160 | D:1      | Reached XP level 2. HP: 4/15 MP: 1/8
   589 | D:1      | Reached skill level 5 in Conjurations
   935 | D:1      | Reached XP level 3. HP: 3/19 MP: 6/10
  1249 | D:2      | Found an iron altar of Okawaru.
  1266 | D:2      | Found a snail-covered altar of Cheibriados.
  1324 | D:2      | Slain by a worm

Vault maps used:
D:1:      giann_bridges, chequers_jeans
D:2:      okawaru_trees_1, cheibriados_altar_1, minmay_misc_feat_tower

Skill      XL: |  1  2 |
---------------+-------+-----
Conjurations   | 5 |  5.3
Dodging        | |  2.4
Stealth        | |  2.4
Spellcasting   | |  3.9

Action                   || total
-------------------------++-------
Melee: Dagger            ||    30
 Cast: Magic Dart        ||    66
 Stab: Sleeping          ||     1
  Eat: Chunk             ||     1
Armor: Robe              ||     5
Dodge: Dodged            ||    21

Table legend:
 A = Non-vault XP
 B = Vault XP
 C = Vault XP percentage of total XP
 D = Non-vault monster count
 E = Vault monster count
 F = Vault count percentage of total count
                 A         B        C        D         E       F
            +---------+---------+-------+---------+---------+-------
      Total |      64 |       0 |   0.0 |      29 |       0 |   0.0
            +---------+---------+-------+---------+---------+-------
        D:1 |      45 |       0 |   0.0 |      22 |       0 |   0.0
        D:2 |      19 |       0 |   0.0 |       7 |       0 |   0.0
            +---------+---------+-------+---------+---------+-------
